 Dungeon Crawl Stone Soup version 0.31-a0-188-g5e087ee2ca (webtiles) character file.

Game seed: 4733807571221464597

126 qw the Skirmisher (level 4, -1/25 HPs)
             Began as a Deep Elf Hunter on June 23, 2023.
             Slain by an orc priest
             ... wielding a +0 whip
              (4 damage)
             ... on level 3 of the Dungeon.
             The game lasted 00:00:37 (1376 turns).

qw the Skirmisher (Deep Elf Hunter)                 Turns: 1376, Time: 00:00:38

Health: -1/25      AC:  6    Str: 14 (16) XL:     4   Next: 83%
Magic:  6/6        EV: 10    Int: 13 (14) God:
Gold:   55         SH:  0    Dex: 16 (18) Spells: 3/3 levels left

rFire   . . .        Y - +1 shortbow
rCold   . . .        (shield currently unavailable)
rNeg    . . .        i - +0 scale mail
rPois   .            (no helmet)
rElec   .            (no cloak)
rCorr   .            (no gloves)
SInv    .            (no boots)
Will    .....        (no amulet) Stlth
                     e - +6 ring of strength
HPRegen 0.24/turn    (no ring)
MPRegen 0.10/turn

%: no passive effects
@: about to teleport
A: no striking features
a: no special abilities


You were on level 3 of the Dungeon.
You visited 1 branch of the dungeon, and saw 3 of its levels.

You collected 55 gold pieces.


   Skills:
 - Level 1.5 Fighting
 + Level 8.2 Ranged Weapons
 - Level 2.4 Dodging
 - Level 1.2 Stealth


You had 3 spell levels left.
You didn't know any spells.
Your spell library was empty.

Inventory:

Hand Weapons
 Y - a +1 shortbow (weapon)
Armour
 i - a +0 scale mail (worn)
Jewellery
 e - a +6 ring of strength (left hand)
Potions
 c - a potion of attraction {unknown}
 d - a potion of mutation {unknown}
 h - a potion of heal wounds {unknown}
 j - a potion of enlightenment {unknown}
 l - a potion of curing {unknown}

Dungeon Overview and Level Annotations

Branches:
Dungeon (3/15)

Altars:


Message History

An orc comes into view. It is wielding a +0 short sword.
Things that are here:
a +0 mace; a +0 leather armour; an adder corpse You shoot an arrow.
The arrow closely misses the orc.
The orc shouts!
An orc comes into view. It is wielding a +0 war axe.
You shoot an arrow. The orc shouts!
The arrow hits the orc.
The orc is heavily wounded.
You shoot an arrow. The arrow closely misses the orc.
The orc hits you with a +0 short sword.
You shoot an arrow. The arrow hits the orc!
You kill the orc!
You shoot an arrow. The arrow closely misses the orc.
An orc priest comes into view. It is wielding a +0 whip.
The orc hits you with a +0 war axe!
You shoot an arrow. The arrow barely misses the orc.
The orc barely misses you.
You shoot an arrow. The arrow hits the orc.
The orc is lightly wounded.
The orc hits you with a +0 war axe.
You shoot an arrow.
The arrow hits the orc but does no damage.
The orc is lightly wounded.
The orc priest closely misses you. The orc hits you but does no damage.
You shoot an arrow. The arrow closely misses the orc.
The orc priest hits you but does no damage.
The orc barely misses you.
You shoot an arrow.
The arrow hits the orc but does no damage.
The orc is lightly wounded.
The orc priest hits you but does no damage.
The orc hits you with a +0 war axe. The orc priest hits you with a +0 whip.
The orc barely misses you.
1376 ||| READING scroll of teleportation.
As you read the scroll of teleportation, it crumbles to dust.
You feel strangely unstable. The orc hits you but does no damage.
The orc priest hits you with a +0 whip.
You die...

###.#############
..).....?(%.S.).
#.#####.#
#.###..oo...#
....%.#@#####
.###..)<#
#......#.#
#........#
#.####...# #
#...# ....#
##.... #..##


You could see an orc priest and an orc.

Vanquished Creatures
  Jessica (D:2)
  An orc wizard (D:2)
  2 adders
  4 worms
  3 orcs (D:3)
  3 bats (D:2)
  3 endoplasms
  A giant cockroach (D:2)
  2 goblins (D:2)
  3 hobgoblins (D:2)
  3 jackals (D:1)
  3 kobolds
  A quokka (D:2)
  5 ball pythons
  2 frilled lizards
  6 rats
43 creatures vanquished.

Notes
Turn   | Place    | Note
-------+----------+-------------------------------------------
     0 | D:1      | qw the Deep Elf Hunter began the quest for the Orb.
     0 | D:1      | Reached XP level 1. HP: 12/12 MP: 3/3
     0 | D:1      | 0 ||| qw: Version: 0.3-a-9-g12657ce
     0 | D:1      | 0 ||| qw: Game counter: 4146
     0 | D:1      | 0 ||| qw: Always use a shield: true
     0 | D:1      | 0 ||| qw: God list: Okawaru
     0 | D:1      | 0 ||| qw: Allow faded altars: false
     0 | D:1      | 0 ||| qw: Do Orc after D:15 true
     0 | D:1      | 0 ||| qw: Do second Lair branch before Depths: true
     0 | D:1      | 0 ||| qw: Lair rune preference: random
     0 | D:1      | 0 ||| qw: Plans: Normal
     0 | D:1      | 0 ||| PLANNING D:1-11
   165 | D:1      | Reached XP level 2. HP: 16/16 MP: 4/4
   178 | D:1      | Reached skill level 6 in Ranged Weapons
   346 | D:1      | 346 ||| UPGRADING to +0 scale mail.
   356 | D:1      | 356 ||| DROPPING +0 leather armour.
   357 | D:1      | 357 ||| READING scroll labelled TAPNANNAIH.
   358 | D:1      | 358 ||| READING scroll labelled KYGURO MUQAARU.
   359 | D:1      | 359 ||| DROPPING scroll of butterflies.
   537 | D:2      | Reached XP level 3. HP: 19/20 MP: 5/5
   759 | D:2      | Reached skill level 7 in Ranged Weapons
   826 | D:2      | Noticed Jessica
   829 | D:2      | Killed Jessica
   830 | D:2      | Reached XP level 4. HP: 25/25 MP: 6/6
   867 | D:2      | Found a faded altar of an unknown god.
  1224 | D:2      | 1224 ||| UPGRADING to +6 ring of strength.
  1225 | D:2      | 1225 ||| READING scroll labelled OPAFEG SINY.
  1271 | D:2      | 1271 ||| READING scroll labelled FISAMAG MIDDU.
  1272 | D:2      | 1272 ||| READING 2 scrolls labelled ZIRITHUOZYN.
  1277 | D:2      | 1277 ||| READING scroll labelled LIGHOITOALO.
  1278 | D:2      | 1278 ||| DRINKING 2 black potions.
  1279 | D:2      | 1279 ||| DROPPING potion of degeneration.
  1323 | D:3      | 1323 ||| FLEEEEING.
  1325 | D:3      | 1325 ||| FLEEEEING.
  1332 | D:3      | 1332 ||| FLEEEEING.
  1333 | D:3      | 1333 ||| FLEEEEING.
  1334 | D:3      | 1334 ||| FLEEEEING.
  1335 | D:3      | 1335 ||| STAIRDANCE
  1342 | D:2      | Reached skill level 8 in Ranged Weapons
  1375 | D:3      | HP: 3/25 [orc priest/+0 whip (4)]
  1376 | D:3      | 1376 ||| READING scroll of teleportation.
  1376 | D:3      | Slain by an orc priest

Levels and vault maps discovered:
D:1:      dpeg_arrival_stone_temple_mockup, layout_rooms
D:2:      layout_basic, shapermc_ecumenical_altar_notcrosses, uniq_jessica
D:3:      layout_basic, uniq_crazy_yiuf_cottage

Skill      XL: |  1  2  3  4 |
---------------+-------------+-----
Ranged Weapons | 6 7 8 |  8.2
Fighting       | |  1.5
Dodging        | |  2.4
Stealth        | |  1.2

Action                     |  1- 3 |  4- 6 || total
---------------------------+-------+-------++-------
   Fire: Shortbow          |    92 |    40 ||   132
    Use: Scroll            |     2 |     5 ||     7
         Potion            |       |     1 ||     1
 Armour: Scale mail        |    17 |    16 ||    33
  Dodge: Dodged            |     8 |     6 ||    14

Table legend:
 A = Non-vault XP
 B = Vault XP
 C = Vault XP percentage of total XP
 D = Non-vault monster count
 E = Vault monster count
 F = Vault count percentage of total count
                 A         B        C        D         E       F
            +---------+---------+-------+---------+---------+-------
      Total |     143 |      37 |  20.6 |      42 |       1 |   2.3
            +---------+---------+-------+---------+---------+-------
        D:1 |      17 |       0 |   0.0 |      12 |       0 |   0.0
        D:2 |      94 |      37 |  28.2 |      21 |       1 |   4.5
        D:3 |      32 |       0 |   0.0 |       9 |       0 |   0.0
            +---------+---------+-------+---------+---------+-------
